 Dungeon Crawl Stone Soup version 0.24.1-14-gf8d2b509d9 (webtiles) character file.

Game seed: 14951292503176093421, levelgen mode: deterministic

271 Curus the Cleaver (level 6, -1/76 HPs)
             Began as a Minotaur Berserker on May 18, 2020.
             Was a Believer of Trog.
             Shot with a sling bullet by a goblin (3 damage)
             ... on level 2 of the Dungeon.
             The game lasted 00:05:25 (1327 turns).

Curus the Cleaver (Minotaur Berserker)              Turns: 1327, Time: 00:05:26

Health: -1/76      AC:  5    Str: 26    XL:     6   Next: 2%
Magic:  5/5        EV: 11    Int:  6    God:    Trog [**....]
Gold:   123        SH:  0    Dex: 10    Spells: 5/5 levels left

rFire    . . .     SeeInvis .   a - +0 hand axe
rCold    . . .     Gourm    .   (no shield)
rNeg     . . .     Faith    .   g - +0 ring mail
rPois    .         Spirit   .   (helmet restricted)
rElec    .         Reflect  .   (no cloak)
rCorr    .         Harm     .   (no gloves)
MR       .....                  (no boots)
Stlth    ..........             (no amulet)
HPRegen  0.22/turn              (no ring)
MPRegen  0.09/turn              (no ring)

@: berserking, very quick
A: retaliatory headbutt, horns 2
a: Berserk, Trog's Hand, Renounce Religion


You were on level 2 of the Dungeon.
You worshipped Trog.
Trog was pleased with you.
You were hungry.

You visited 1 branch of the dungeon, and saw 2 of its levels.

You collected 123 gold pieces.

Inventory:

Hand Weapons
 a - a +0 hand axe (weapon)
Armour
 b - a +0 animal skin
 e - a +0 leather armour
 g - a +0 ring mail (worn)
Scrolls
 d - 2 scrolls of identify
Potions
 f - a potion of curing
Comestibles
 c - 2 rations


   Skills:
 - Level 3.6 Fighting
 + Level 8.2 Axes
 - Level 2.4 Armour
 - Level 2.1 Dodging


You had 5 spell levels left.
You didn't know any spells.
Your spell library was empty.

Dungeon Overview and Level Annotations

Branches:
Dungeon (2/15)

Altars:


Innate Abilities, Weirdness & Mutations

You reflexively headbutt those who attack you in melee.
You have a pair of horns on your head.


Message History

You feel yourself moving faster!
You feel mighty!
You are feeling hungry.
Something hits you!
* * * LOW HITPOINT WARNING * * *
You miss something. Your headbutt misses something.
The goblin shoots a sling bullet.
The sling bullet closely misses you.
You slash something! You headbutt something! Trog accepts your kill.
Trog appreciates your killing of a magic user.
Reactivating autopickup.
Your Axes skill gained 2 levels and is now at level 8!
You have reached level 5!
You have reached level 6!
Your experience leads to an increase in your attributes!
Your base attributes are Str 21, Int 5, Dex 10.
Increase (S)trength, (I)ntelligence, or (D)exterity?
You feel clever.
You feel a bit more experienced.
The goblin shoots a sling bullet.
The sling bullet hits you.
You die...

########
#...... ####
#......#...##
#.≈≈........#
#.≈⌠..#......
#..≈≈......g.
#....)†....#
#@# ##.##
#...#####.#.
#...........
#.>.#####.#.# #
##.## #.#
#.##.######.#.#
#...........#.#
####...######.#


You could see a goblin.

Vanquished Creatures
  Sigmund (D:2)
  An orc wizard (D:2)
  An orc priest (D:2)
  An adder (D:2)
  A worm (D:2)
  A dart slug (D:1)
  3 orcs (D:2)
  2 giant cockroaches
  6 hobgoblins
  6 jackals (D:1)
  4 bats
  2 frilled lizards
  5 goblins
  3 kobolds (D:1)
  3 rats
40 creatures vanquished.

Notes
Turn   | Place    | Note
-------+----------+-------------------------------------------
     0 | D:1      | Curus the Minotaur Berserker began the quest for the Orb.
     0 | D:1      | Reached XP level 1. HP: 19/19 MP: 0/0
    38 | D:1      | Reached skill level 4 in Axes
   134 | D:1      | Reached XP level 2. HP: 19/26 MP: 1/1
   586 | D:1      | Reached ** piety under Trog
   586 | D:1      | Reached skill level 5 in Axes
  1082 | D:2      | Reached XP level 3. HP: 29/31 MP: 2/2
  1148 | D:2      | Reached skill level 6 in Axes
  1148 | D:2      | Reached XP level 4. HP: 13/39 MP: 3/3
  1316 | D:2      | Noticed Sigmund
  1325 | D:2      | HP: 1/58 [something (14)]
  1327 | D:2      | Killed Sigmund
  1327 | D:2      | Reached skill level 8 in Axes
  1327 | D:2      | Reached XP level 5. HP: 2/45 MP: 4/4
  1327 | D:2      | Reached XP level 6. HP: 2/51 MP: 5/5
  1327 | D:2      | Shot with a sling bullet by a goblin

Levels and vault maps discovered:
D:1:      psy_arrival_wood_between_worlds, layout_basic,
          minmay_misc_feat_pillars
D:2:      cheibrodos_pilgrimage, layout_loops_ring, corexii_leaking_fountain,
          uniq_sigmund

Skill      XL: |  1  2  3  4 |
---------------+-------------+-----
Axes           | 4 5 6 8 |  8.2
Fighting       | |  3.6
Armour         | |  2.4
Dodging        | |  2.1

Action                   |  1- 3 |  4- 6 || total
-------------------------+-------+-------++-------
Melee: Hand axe          |    54 |    16 ||    70
       Headbutt          |     7 |     2 ||     9
Invok: Berserk           |       |     1 ||     1
       Trog's Hand       |       |     1 ||     1
  Use: Potion            |     4 |       ||     4
       Scroll            |     3 |       ||     3
  Eat: Chunk             |       |     2 ||     2
Armor: Animal skin       |    16 |       ||    16
       Ring mail         |     5 |     5 ||    10
Dodge: Dodged            |    28 |     5 ||    33
